AoeStats
← ELPURE

Arabia

506496021Analyzed
1v1 RM · 18d ago on Sep 13, 2026· 57m 51s· 2 players
Game mode
Random Map
Map size
Tiny (2 player)
Population
200
Speed
Normal
Resources
Standard
Victory
Conquest
Starting age
Dark Age
Ending age
Imperial Age
RankedLock teamsTeams togetherTeam positionsShared explorationLock speedFull tech treeHidden civsTurbo modeCheats
Victory
Defeat
🇲🇽 Mongols · Mexico
1731
+25
🇺🇸 Persians · United States
1944
-25
ELPURE
7:03 Loom
12:25 Feudal Age
17:34 Castle Age
16:50 Fletching
27:44 Bodkin Arrow
27:45 Double-Bit Axe
28:50 Husbandry
30:32 Padded Archer Armor
31:19 Wheelbarrow
32:13 Bloodlines
32:38 Ballistics
33:12 Leather Archer Armor
34:36 Parthian Tactics
34:52 Bow Saw
40:01 Imperial Age
38:46 Horse Collar
39:41 Gold Mining
39:41 Stone Mining
40:31 Forging
40:03 Crossbowman
42:13 Chemistry
40:46 Heavy Cavalry Archer
48:07 Capped Ram
48:42 Pikeman
51:29 Thumb Ring
52:50 Siege Ram
53:33 Heavy Plow
54:40 Two-Man Saw
NoToxic_MK
6:04 Loom
8:47 Feudal Age
10:10 Double-Bit Axe
10:05 Horse Collar
19:10 Castle Age
19:39 Gold Mining
20:16 Bow Saw
20:31 Scale Barding Armor
22:38 Wheelbarrow
22:19 Bloodlines
22:09 Husbandry
23:46 Husbandry
27:05 Chain Barding Armor
30:42 Forging
33:42 Hand Cart
38:48 Imperial Age
40:09 Iron Casting
38:59 Heavy Camel Rider
39:00 Cavalier
40:23 Light Cavalry
41:49 Stone Mining
43:19 Chemistry
43:57 Fletching
45:08 Blast Furnace
44:30 Ballistics
46:07 Hussar
47:46 Bodkin Arrow
47:51 Padded Archer Armor
51:15 Guard Tower
53:38 Bracer
53:53 Elite Mangudai
56:44 Leather Archer Armor
57:15 Town Watch
58:25 Conscription
Connection lost

Rejoining the realm…

Still unreachable

The connection could not be restored.

Session expired

The server has moved on; the page needs a fresh start.